 Dungeon Crawl Stone Soup version 0.17-a0-802-g1f09329 (webtiles) character file.

83 Hanyuu the Insei (level 4, -4/28 HPs)
             Began as an Octopode Transmuter on Apr 26, 2015.
             Slain by Hanyuu's ghost (8 damage)
             ... on level 3 of the Dungeon.
             The game lasted 00:06:06 (2316 turns).

Hanyuu the Insei (Octopode Transmuter)              Turns: 2316, Time: 00:06:06

Health: -4/28      AC:  1    Str:  9    XL:     4   Next: 44%
Magic:  2/7        EV: 12    Int: 15    God:
Gold:   106        SH:  0    Dex: 13    Spells: 3 memorised, 1 level left

rFire  . . .     SeeInvis .       - Unarmed
rCold  . . .     Clarity  .     (no shield)
rNeg   . . .     SustAb   .     (helmet restricted)
rPois  .         Gourm    .     j - amulet of resist corrosion
rElec  .         Spirit   .     (no ring)
rCorr  +         Warding  .     (no ring)
rMut   .         Stasis   .     (no ring)
MR     .....                    (no ring)
Stlth  ++........               (no ring)
                                (no ring)
                                (no ring)
                                (no ring)

@: very slightly contaminated, not resistant to hostile enchantments, unstealthy
A: almost no armour, amphibious, 8 rings, constrict 8, camouflage 1, gelatinous
body 1
a: no special abilities


You were on level 3 of the Dungeon.
You were not hungry.

You visited 1 branch of the dungeon, and saw 3 of its levels.

You collected 106 gold pieces.

Inventory:

Hand weapons
 a - a +1 hunting sling
Missiles
 l - 19 sling bullets
 m - 34 arrows
Jewellery
 j - an amulet of resist corrosion (around mantle)
Scrolls
 h - a scroll of identify
 i - 5 scrolls of remove curse
 n - a scroll of enchant weapon
Potions
 d - a potion of mutation {unknown}
 g - a potion of degeneration
 k - a potion of ambrosia
Books
 b - a book of Changes

   Spells                             Type                      Level
   a - Beastly Appendage              Transmutation                1
   b - Sticks to Snakes               Transmutation                2
   c - Spider Form                    Transmutation/Poison         3
   d - Ice Form                       Ice/Transmutation            4
   e - Blade Hands                    Transmutation                5
Comestibles
 c - 5 bread rations
 f - a meat ration


   Skills:
 - Level 1.0 Fighting
 - Level 2.0 Dodging
 + Level 5.1 Unarmed Combat
 - Level 2.0 Spellcasting
 - Level 2.0 Transmutations


You had one spell level left.
You knew the following spells:

 Your Spells              Type           Power        Failure   Level  Hunger
a - Beastly Appendage     Trmt           #.....       12%         1    #......
b - Sticks to Snakes      Trmt           #.........   14%         2    ###....
c - Spider Form           Trmt/Pois      #.........   43%         3    ###....


Dungeon Overview and Level Annotations

Branches:
Dungeon (3/15)

Altars:
Dithmenos
Kikubaaqudgha
Nemelex Xobeh
Okawaru
Trog

Annotations:
D:3 Hanyuu's ghost, average OpTm


Innate Abilities, Weirdness & Mutations

You cannot wear most types of armour.
You are amphibious.
You can wear up to eight rings at the same time.
You can use your tentacles to constrict eight enemies at once.
Your skin changes colour to match your surroundings (Stealth).
Your rubbery body absorbs attacks (AC +1).


Message History

You barely miss Hanyuu's ghost.
Hanyuu's ghost is severely damaged.
Hanyuu's ghost hits you.
You tentacle-slap Hanyuu's ghost but do no damage.
Your squeeze misses Hanyuu's ghost.
Hanyuu's ghost is severely damaged.
You tentacle-slap Hanyuu's ghost but do no damage.
You squeeze Hanyuu's ghost.
Hanyuu's ghost is severely damaged.
Hanyuu's ghost hits you.
You bludgeon Hanyuu's ghost! You squeeze Hanyuu's ghost.
Hanyuu's ghost is almost destroyed.
Hanyuu's ghost hits you!
* * * LOW HITPOINT WARNING * * *
You are too injured to fight recklessly!
You are too injured to fight recklessly!
You closely miss Hanyuu's ghost.
Hanyuu's ghost is almost destroyed.
Hanyuu's ghost hits you!
You die...

#...#### ###.
....####...# #...
...........#########
#.##
.##.#####..##......#
##§..
#..##>####.####.._.
#..##.# ##.........
#.....# #..........
##W#..# #..##<....#
#@#..###..##....##
.######.......[...†..##
#!......<..####.##....#
................##.....#
########...............
################


You could see Hanyuu's ghost.

Vanquished Creatures
  Terence (D:2)
  2 adders (D:2)
  A worm (D:3)
  A giant gecko (D:1)
  9 goblins
  7 hobgoblins
  A jackal (D:1)
  7 bats
  A giant cockroach (D:2)
  3 giant newts
  A kobold (D:2)
  8 rats
42 creatures vanquished.

Notes
Turn   | Place    | Note
--------------------------------------------------------------
     0 | D:1      | Hanyuu, the Octopode Transmuter, began the quest for the Orb.
     0 | D:1      | Reached XP level 1. HP: 13/13 MP: 3/3
   257 | D:1      | Reached XP level 2. HP: 18/18 MP: 5/5
   434 | D:1      | Found an iron altar of Okawaru.
   598 | D:1      | Reached skill level 4 in Unarmed Combat
   707 | D:1      | Reached XP level 3. HP: 20/23 MP: 6/6
   824 | D:1      | Learned a level 2 spell: Sticks to Snakes
   828 | D:1      | Learned a level 3 spell: Spider Form
  1271 | D:2      | Noticed Terence
  1302 | D:2      | Killed Terence
  1322 | D:2      | Reached XP level 4. HP: 28/28 MP: 2/7
  1412 | D:2      | Found a sparkling altar of Nemelex Xobeh.
  1551 | D:2      | Reached skill level 5 in Unarmed Combat
  1558 | D:2      | Found an ancient bone altar of Kikubaaqudgha.
  1561 | D:2      | Found a bloodstained altar of Trog.
  1748 | D:3      | Found a shadowy altar of Dithmenos.
  1874 | D:3      | Noticed Hanyuu's ghost (average OpTm)
  1897 | D:3      | HP: 1/28 [Hanyuu's ghost (18)]
  2316 | D:3      | Slain by Hanyuu's ghost

Action                   |  1- 3 |  4- 6 || total
-------------------------+-------+-------++-------
Melee: Unarmed           |    57 |    51 ||   108
 Fire: Hunting sling     |     4 |       ||     4
 Cast: Spider Form       |     2 |     2 ||     4
       Beastly Appendage |       |     1 ||     1
  Use: Scroll            |     4 |     4 ||     8
 Stab: Sleeping          |     4 |     2 ||     6
  Eat: Meat ration       |     1 |       ||     1
